 Dungeon Crawl Stone Soup version 0.30-a0-718-geaa24f58ff (webtiles) character file.

Game seed: 16166715144570411429

9 kae the Insei (level 2, -2/21 HPs)
             Began as a Demonspawn Transmuter on Jan 25, 2023.
             Slain by a quokka (5 damage)
             ... on level 1 of the Dungeon.
             The game lasted 00:00:28 (317 turns).

kae the Insei (Demonspawn Transmuter)                Turns: 317, Time: 00:00:28

Health: -2/21      AC:  2    Str: 10    XL:     2   Next: 3%
Magic:  5/5        EV: 12    Int: 14    God:
Gold:   43         SH:  0    Dex: 13    Spells: 4/5 levels left

rFire   . . .      SeeInvis .      - Unarmed
rCold   . . .      Faith    .    (no shield)
rNeg    . . .      Spirit   .    a - +0 robe
rPois   .          Reflect  .    (helmet restricted)
rElec   .          Harm     .    (no cloak)
rCorr   .          Rampage  .    (no gloves)
Will    .....                    (no boots)
Stlth   +                        (no amulet)
HPRegen 0.23/turn                (no ring)
MPRegen 0.09/turn                (no ring)

@: no status effects
A: antennae 1
a: no special abilities


You were on level 1 of the Dungeon.
You visited 1 branch of the dungeon, and saw 2 of its levels.

You collected 43 gold pieces.


Innate Abilities, Weirdness & Mutations

You have a pair of small antennae on your head.


   Skills:
 - Level 1.0 Fighting
 - Level 1.7 Dodging
 + Level 2.8 Unarmed Combat
 + Level 2.1 Spellcasting
 * Level 2.1 Transmutations


You had 4 spell levels left.
You knew the following spells:

 Your Spells              Type           Power      Damage    Failure   Level
a - Beastly Appendage     Tmut           14%        N/A       10%         1

Your spell library contained the following spells:

 Spells                   Type           Power      Damage    Failure   Level
 Wereblood                Tmut           7%         N/A       14%         2
 Spider Form              Tmut/Pois      4%         N/A       41%         3
 Ice Form                 Ice/Tmut       4%         N/A       83%         4

Inventory:

Missiles
 c - 5 stones
Armour
 a - a +0 robe (worn)
Scrolls
 d - a scroll of torment {unknown}
 e - 2 scrolls of poison {unknown}
 f - 2 scrolls of identify {unknown}
Potions
 b - a potion of lignification {!q}
 g - a potion of might {unknown}

Dungeon Overview and Level Annotations

Branches:
Dungeon (2/15) Zot: 11683

Altars:

Annotations:
D:2 exclusion: orc wizard

##.........## ###
########### #..#
#.>..... #..##.....?
.......... #......#
#.....##
#..r..$######
##.@.#......##
#..#.######..#######
#.....# ##.>......
...##..# #####>...
..... ##.# #....
.... #.# #.... ...
#.# #.... ... .#
#####


You could see a quokka.


Message History

😮 HP[-5] MP[-1]
You take 5 damage, and now have 10/15 hp.
MASSIVE DAMAGE!! (PAUSE)
You lost 1 mp, and now have 1/3 mp.
The bat attacks as you move away! The bat closely misses you.
The bat hits you but does no damage.
The bat closely misses you. 😮 HP[+1] Unknown command.
You closely miss the bat. Your headbutt misses the bat.
The bat closely misses you. x2
You closely miss the bat. You punch the bat, but do no damage.
The bat hits you. 😮 HP[-1]
You take 1 damage, and now have 10/15 hp.
Unknown command.
You hit the endoplasm but do no damage. You claw the endoplasm.
The endoplasm barely misses you.
Unknown command.
You barely miss the endoplasm. You claw the endoplasm.
You kill the endoplasm!
The bat barely misses you. 😮 HP[+1]
The bat hits you. 😮 HP[-1]
You take 1 damage, and now have 10/15 hp.
You hit the bat.
You kill the bat!
Unknown command.
You see here a bat corpse. 😮 MP[+1]
Your transformation is almost over. 😮 HP[+1]
Found a stone staircase leading up.
There is a stone staircase leading up here.
You climb upwards.
Found a stone staircase leading down.
There is a stone staircase leading down here. 😕 HP[+1] Unknown command.
Your horns disappear.
Your talons disappear.
There is a stone staircase leading down here.
You now have 43 gold pieces (gained 16).
Found a stone staircase leading down. 😎 HP[+3] MP[+1]
Your hp is fully restored (15).
Your mp is fully restored (3).
An endoplasm and a quokka come into view.
You see here 12 gold pieces.
There are monsters nearby!
Unknown command.
There are monsters nearby!
There are monsters nearby!
The endoplasm quivers.
The endoplasm freezes you.
You are frozen. 😮 HP[-5]
You take 5 damage, and now have 10/15 hp.
MASSIVE DAMAGE!! (PAUSE)
You hit the endoplasm.
The endoplasm hits you but does no damage.
Unknown command.
You hit the endoplasm.
You kill the endoplasm!
You have reached level 2!
Your demonic ancestry asserts itself...
A pair of antennae grows on your head! 😮 HP[+4] MP[+2]
You now have 21 max hp (+6).
You regained 4 hp, and now have 14/21 hp.
Your mp is fully restored (5).
The quokka barely misses you.
You hit the quokka. You punch the quokka. The quokka closely misses you.
The quokka bites you. 😮 HP[-1]
You take 1 damage, and now have 13/21 hp.
Unknown command.
You barely miss the quokka. The quokka closely misses you.
You hit the quokka but do no damage. The quokka closely misses you.
Unknown command.
You hit the quokka. The quokka bites you. 😮 HP[-1]
You take 1 damage, and now have 12/21 hp.
You closely miss the quokka.
The quokka bites you but does no damage. 😮 HP[+1]
You closely miss the quokka. The quokka bites you. 😮 HP[-2]
You take 2 damage, and now have 11/21 hp.
Unknown command.
You barely miss the quokka. The quokka bites you.
* * * LOW HITPOINT WARNING * * *
You hit the quokka but do no damage. The quokka bites you.
* * * LOW HITPOINT WARNING * * *
The quokka bites you.
* * * LOW HITPOINT WARNING * * *
😱 HP[-8]
You take 8 damage, and now have 3/21 hp.
MASSIVE DAMAGE!! (PAUSE)
A quokka is nearby!
You barely miss the quokka. The quokka bites you.
You die...

Skill      XL: |  1 |
---------------+----+-----
Transmutations | 2 |  2.1
Fighting       | |  1.0
Dodging        | |  1.7
Unarmed Combat | |  2.8
Spellcasting   | |  2.1

Action                     || total
---------------------------++-------
  Melee: Unarmed           ||    24
         Kick              ||     4
         Punch             ||     2
         Headbutt          ||     1
   Cast: Beastly Appendage ||     5
 Armour: Robe              ||     5
  Dodge: Dodged            ||    17

Levels and vault maps discovered:
D:1:      minmay_arrival_split_and_join, layout_rooms
D:2:      layout_rooms, serial_co_window_serial, co_window_corner_a,
          co_window_paths_a, co_window_corner_a, co_window_cross_1,
          co_window_paths_a, co_window_broadway_c, co_window_of_opportunity_b,
          co_window_2corner, co_window_broadway_a, co_window_4corner_a,
          glass_columns_a, glass_columns_c, glass_columns_b, skrybe_limestone_x

Notes
Turn   | Place    | Note
-------+----------+-------------------------------------------
     0 | D:1      | kae the Demonspawn Transmuter began the quest for the Orb.
     0 | D:1      | Reached XP level 1. HP: 15/15 MP: 3/3
     0 | D:1      | magus.rc [v1.11.3]
    17 | D:1      | You fall into a shaft and drop 1 floor!
   168 | D:2      | Noticed an orc wizard
   199 | D:2      | Reached skill level 2 in Transmutations
   308 | D:1      | Gained mutation: You have a pair of small antennae on your
                  | head. [demonic ancestry]
   308 | D:1      | Reached XP level 2. HP: 14/21 MP: 5/5
   316 | D:1      | HP: 3/21 [quokka (3)]
   317 | D:1      | Slain by a quokka

Vanquished Creatures
  A dart slug (D:2)
  An orc (D:2)
  2 endoplasms
  A bat (D:2)
  A frilled lizard (D:2)
6 creatures vanquished.

Table legend:
 A = Non-vault XP
 B = Vault XP
 C = Vault XP percentage of total XP
 D = Non-vault monster count
 E = Vault monster count
 F = Vault count percentage of total count
                 A         B        C        D         E       F
            +---------+---------+-------+---------+---------+-------
      Total |      13 |       0 |   0.0 |       6 |       0 |   0.0
            +---------+---------+-------+---------+---------+-------
        D:1 |       2 |       0 |   0.0 |       1 |       0 |   0.0
        D:2 |      11 |       0 |   0.0 |       5 |       0 |   0.0
            +---------+---------+-------+---------+---------+-------

Illustrated notes

Table legend:
 A = Kills in this place as a percentage of kills in entire the game.
 B = Kills by you in this place as a percentage of kills by you in the entire game.
 C = Kills by friends in this place as a percentage of kills by friends in the entire game.
 D = Other kills in this place as a percentage of other kills in the entire game.
 E = Experience gained in this place as a percentage of experience gained in the entire game.
 F = Experience gained in this place divided by the number of levels of this place that you have seen.
                   A       B       C       D       E      F
               +-------+-------+-------+-------+-------+----------------------
         Total | 100.0 | 100.0 |   N/A |   N/A | 100.0 |   6.5
       Dungeon | 100.0 | 100.0 |   N/A |   N/A | 100.0 |   6.5
               +-------+-------+-------+-------+-------+----------------------

Table legend: (Time is in decaauts)
 A = Elapsed time spent in this place.
 B = Non-inter-level travel time spent in this place.
 C = Inter-level travel time spent in this place.
 D = Time resting spent in this place.
 E = Time spent auto-exploring this place.
 F = Levels seen in this place.
 G = Mean time per level.
                   A        B        C        D        E       F      G
               +--------+--------+--------+--------+--------+-----+--------+
         Total |    315 |    315 |      0 |      5 |    238 |   2 |  157.5 |
       Dungeon |    315 |    315 |      0 |      5 |    238 |   2 |  157.5 |
               +--------+--------+--------+--------+--------+-----+--------+

Top non-repeatable levels by time:
     D:2: 261 daAuts
     D:1: 54 daAuts
